 Dungeon Crawl Stone Soup version 0.28.0-53-g5a82cb258f (webtiles) character file.

Game seed: 14168864457287994893

821 jjjjhere the Chopper (level 7, -5/59 HPs)
             Began as a Minotaur Enchanter on Oct 28, 2022.
             Was an Initiate of Okawaru.
             Slain by a fire elemental (11 damage)
             ... created by the fiery vengeance of Ignis
             ... on level 4 of the Dungeon.
             The game lasted 00:05:36 (4594 turns).

jjjjhere the Chopper (Minotaur Enchanter)           Turns: 4594, Time: 00:05:36

Health: -5/59      AC:  6    Str: 15    XL:     7   Next: 63%
Magic:  8/8        EV: 10    Int: 12    God:    Okawaru [......]
Gold:   129        SH:  4    Dex: 10    Spells: 8/8 levels left

rFire   . . .      SeeInvis .   x - +4 flail (protect)
rCold   + . .      Faith    .   j - +0 buckler
rNeg    . . .      Spirit   .   l - +0 ring mail
rPois   .          Reflect  .   (helmet restricted)
rElec   .          Harm     .   k - scarf {rC+ rF+}
rCorr   .          Rampage  .   (no gloves)
Will    .....                   q - +0 pair of boots
Stlth   +.........              (no amulet)
HPRegen 0.19/turn               p - ring of flight
MPRegen 0.11/turn               (no ring)

@: flying, invisible, fire susceptible
A: horns 2, retaliatory headbutt
a: Renounce Religion


You were on level 4 of the Dungeon.
You worshipped Okawaru.
Okawaru was noncommittal.
You visited 2 branches of the dungeon, and saw 6 of its levels.

You collected 278 gold pieces.
You spent 149 gold pieces at shops.

Inventory:

Hand Weapons
 a - a +1 dagger
 u - a +2 dagger of draining
 v - a +2 vampiric hand axe
 x - a +4 flail of protection (weapon)
Missiles
 t - 4 atropa-tipped darts (quivered)
Armour
 b - a +0 robe
 j - a +0 buckler (worn)
 k - a scarf of resistance (worn)
 l - a +0 ring mail (worn)
 q - a +0 pair of boots (worn)
Jewellery
 g - a ring of ice
 p - a ring of flight (left hand)
Scrolls
 e - 4 scrolls of identify
 f - 2 scrolls of magic mapping
 h - a scroll of immolation {unknown}
 i - a scroll of fear {unknown}
 s - 3 scrolls of enchant armour {unknown}
 w - a scroll of teleportation {unknown}
Potions
 c - 2 potions of invisibility
 d - a potion of might {unknown}
 m - a potion of lignification {unknown}
 n - a potion of ambrosia {unknown}
 o - a potion of attraction {unknown}
 r - a potion of degeneration {unknown}
 z - a potion of curing {unknown}
 A - a potion of mutation {unknown}


   Skills:
 - Level 4.1 Fighting
 - Level 1.1 Short Blades
 + Level 6.9(7.7) Axes
 - Level 4.9(6.7) Maces & Flails
 - Level 2.1 Dodging
 - Level 2.4 Stealth
 - Level 2.7 Shields
 - Level 1.3 Spellcasting
 - Level 2.0 Hexes


You had 8 spell levels left.
You didn't know any spells.
Your spell library contained the following spells:

 Spells                   Type           Power      Damage    Failure   Level
 Ensorcelled Hibernation  Hex/Ice        6%         N/A       61%         2
 Confusing Touch          Hex            5%         N/A       71%         3
 Dazzling Flash           Conj/Hex       6%         N/A       83%         3
 Ignite Poison            Fire/Tmut/Pois 0%         N/A       93%         3
 Mephitic Cloud           Conj/Pois/Air  0%         N/A       93%         3
 Freezing Cloud           Conj/Ice/Air   0%         6-21      100%        5
 Tukima's Dance           Hex            Unusable   N/A       N/A         3

Dungeon Overview and Level Annotations

Branches:
Dungeon (5/15)             Temple (1/1) D:4

Altars:
Cheibriados
Dithmenos
Elyvilon
Fedhas
Gozag
Okawaru
Qazlal
Ru
Sif Muna
Trog
Uskayaw
Vehumet
Wu Jian
Xom
The Shining One
Ignis

Shops:
D:1 !   D:3 :([=


Innate Abilities, Weirdness & Mutations

You have a pair of horns on your head.
You reflexively headbutt those who attack you in melee.


Message History

Okawaru accepts your kill.
There is a stone staircase leading up here.
You start resting. "With a thousand fires I burned cities, but these will suffice for you!" 3 fire elementals come into view.
You fly upwards.
There is a stone staircase leading down here.
The fire elemental hits you. The fire elemental burns you!
The fire elemental hits you. The fire elemental burns you!
The fire elemental misses you.
You aren't carrying any items that you can evoke.
You fade into invisibility!
The fire elemental hits you. The fire elemental burns you!
* * * LOW HITPOINT WARNING * * *
You block the fire elemental's attack. You block the fire elemental's attack.
You catch the helpless fire elemental completely off-guard!
You hit the fire elemental.
Your weapon exudes an aura of protection.
Your headbutt misses the fire elemental.
The fire elemental is lightly damaged.
The fire elemental barely misses you. You furiously retaliate!
You headbutt the fire elemental.
You hit the fire elemental but do no damage.
The fire elemental is lightly damaged.
The fire elemental closely misses you. The fire elemental barely misses you.
You sock the fire elemental! You headbutt the fire elemental.
The fire elemental is heavily damaged.
The fire elemental hits you. The fire elemental burns you!
* * * LOW HITPOINT WARNING * * *
The fire elemental barely misses you. The fire elemental barely misses you.
You furiously retaliate!
You headbutt the fire elemental.
As you read the scroll labelled AMNOSU ZUQU, it crumbles to dust.
It is a scroll of identify.
f - 2 scrolls of magic mapping The fire elemental hits you.
* * * LOW HITPOINT WARNING * * *
The fire elemental burns you!
You die...

#.......# ##...########.##
####.#### ##### #.......#
##.....## #########.####..#
#.......# #....)..#.###...#
#..#.#..# #.......#.##....#
#..#.#..# #.......#.#.....#
#..#÷#..# #.......#.....>..
#..#.#..###.......#.....°..
#.........@.......##....○..
####.##.###EE.....###..○°.#
#.##.#..○...#### ##○○°##
#.##.#.##○### ######.##
#.##.#.##.#####......#
#.........°°○...######
#.####.##.####..# ###
#.##............# ..#
#....#......##.## ###


You could see 2 fire elementals.

Vanquished Creatures
  Edmund (D:4)
  A sky beast (D:5)
  A black bear (D:4)
  An ogre (D:5)
  A centaur (D:4)
  2 bullfrog zombies (D:5)
  2 orc priests (D:4)
  2 hounds (D:4)
  4 adders
  4 gnolls
  A white imp (D:5)
  An adder skeleton (D:4)
  A dart slug (D:1)
  12 orcs
  5 bats
  4 endoplasms
  6 giant cockroaches
  5 hobgoblins
  5 quokkas
  7 ball pythons
  4 frilled lizards
  6 goblins
  7 kobolds
  5 rats
88 creatures vanquished.

Vanquished Creatures (others)
  17 fungi (D:4)
17 creatures vanquished.

Grand Total: 105 creatures vanquished

Notes
Turn   | Place    | Note
-------+----------+-------------------------------------------
     0 | D:1      | jjjjhere the Minotaur Enchanter began the quest for the
                  | Orb.
     0 | D:1      | Reached XP level 1. HP: 14/14 MP: 1/1
    13 | D:1      | Found Umulod's Distillery.
    64 | D:1      | Reached skill level 1 in Fighting
    97 | D:1      | Reached XP level 2. HP: 12/25 MP: 3/3
   607 | D:1      | Found a faded altar of an unknown god.
   613 | D:1      | Prayed at the altar of an unknown god.
   613 | D:1      | Became a worshipper of Ignis, the Dying Flame
   685 | D:1      | Reached skill level 1 in Shields
   685 | D:1      | Reached XP level 3. HP: 27/31 MP: 4/4
  1326 | D:2      | Reached XP level 4. HP: 39/40 MP: 5/5
  2191 | D:3      | Found Pakupt's Book Shop.
  2247 | D:3      | Found Luely's Antique Weapon Shoppe.
  2251 | D:3      | Found Soidiaj's Jewellery Shoppe.
  2312 | D:3      | Bought a glowing flail for 149 gold pieces
  2434 | D:3      | Found Ruesch's Armour Shop.
  2650 | D:4      | Reached skill level 1 in Maces & Flails
  2877 | D:4      | Noticed Edmund
  2878 | D:4      | Found a snail-covered altar of Cheibriados.
  2909 | D:4      | Killed Edmund
  2910 | D:4      | Reached XP level 5. HP: 28/46 MP: 6/6
  3046 | D:4      | Reached XP level 6. HP: 51/52 MP: 7/7
  3070 | D:4      | Reached skill level 1 in Axes
  3072 | D:4      | Found a radiant altar of Vehumet.
  3101 | D:4      | Reached skill level 3 in Axes
  3412 | D:4      | Reached skill level 4 in Axes
  3412 | D:4      | Reached XP level 7. HP: 22/59 MP: 8/8
  3626 | D:4      | Found a staircase to the Ecumenical Temple.
  3771 | D:4      | Found a stormy altar of Qazlal.
  3961 | Temple   | Entered the Ecumenical Temple
  4031 | Temple   | Fell from the grace of Ignis
  4031 | Temple   | Became a worshipper of Warmaster Okawaru
  4223 | D:5      | Entered Level 5 of the Dungeon
  4252 | D:5      | Reached skill level 5 in Axes
  4434 | D:5      | Reached skill level 6 in Axes
  4568 | D:5      | Noticed a fire elemental
  4568 | D:5      | Noticed a fire elemental
  4568 | D:5      | Noticed a fire elemental
  4578 | D:4      | HP: 12/59 [fire elemental[the fiery vengeance of Ignis]
                  | (11)]
  4588 | D:4      | HP: 6/59 [fire elemental[the fiery vengeance of Ignis] (8)]
  4594 | D:4      | HP: 6/59 [fire elemental[the fiery vengeance of Ignis] (1)]
  4594 | D:4      | Slain by a fire elemental

Illustrated notes

Levels and vault maps discovered:
D:1:      eino_arrival_water_cross, layout_loops_cross,
          chequers_ecumenical_altar_simple, serial_shops, nicolae_shop_trees,
          minmay_hexomino_c4
D:2:      layout_basic, hangedman_abyss_or_decor_stabs,
          kennysheep_generic_room_3
D:3:      layout_basic, serial_shops, shop_coins,
          nicolae_shop_temple_entry_statues_fountains,
          nicolae_shop_hallway_plus, shop, grunt_decor_junction
D:4:      layout_loops_cross, kennysheep_mini_moat,
          mainiacjoe_overflow_brackets, mainiacjoe_overflow_chevrons,
          minmay_temple_entry_proselytizer, uniq_edmund
D:5:      layout_cave_pods
Temple:   nicolae_temple_hex_pool

Skill      XL: |  1  2  3  4  5  6  7 |
---------------+----------------------+-----
Fighting       | 2 3 4 |  4.1
Shields        | 1 2 |  2.7
Maces & Flails | 4 |  4.9
Axes           | 4 6 |  6.9
Short Blades   | |  1.1
Dodging        | |  2.1
Stealth        | |  2.4
Spellcasting   | |  1.3
Hexes          | |  2.0

Action                   |  1- 3 |  4- 6 |  7- 9 || total
-------------------------+-------+-------+-------++-------
Melee: Dagger            |    63 |    51 |       ||   114
       Headbutt          |     9 |    21 |     8 ||    38
       Flail             |       |    78 |    53 ||   131
       Hand axe          |       |    34 |       ||    34
Throw: Dart              |       |     1 |     1 ||     2
Invok: Fiery Armour      |     1 |       |       ||     1
  Use: Scroll            |       |       |     1 ||     1
       Potion            |       |       |     1 ||     1
 Stab: Sleeping          |     4 |       |       ||     4
       Invisible         |       |     1 |     1 ||     2
Armor: Robe              |     2 |       |       ||     2
       Ring mail         |    26 |    88 |    21 ||   135
Dodge: Dodged            |    39 |    88 |    27 ||   154
Block: Buckler           |    10 |    37 |     9 ||    56
